 Dungeon Crawl Stone Soup version 0.28.0-62-gf88900778d (webtiles) character file.

Game seed: 1567667123047982106

1716 cbfl8 the Cleaver (level 8, -2/70 HPs)
             Began as a Minotaur Fighter on Mar 10, 2024.
             Was an Initiate of Hepliaklqana.
             Slain by an orc warrior
             ... wielding a +0 halberd
              (19 damage)
             ... in a bailey.
             The game lasted 00:06:31 (7602 turns).

cbfl8 the Cleaver (Minotaur Fighter)                Turns: 7602, Time: 00:06:32

Health: -2/70      AC: 15    Str: 21    XL:     8   Next: 74%
Magic:  7/7        EV:  6    Int:  5    God:    Hepliaklqana [......]
Gold:   230        SH:  5    Dex: 12    Spells: 7/7 levels left

rFire   + . .      SeeInvis .   a - +1 war axe
rCold   x x .      Faith    .   c - +0 buckler
rNeg    . . .      Spirit   .   i - +2 plate armour "Xuuh" {rC- rCorr Slay+2}
rPois   .          Reflect  .   (helmet restricted)
rElec   .          Harm     .   (no cloak)
rCorr   +          Rampage  .   (no gloves)
Will    +....                   (no boots)
Stlth   ..........              s - amulet of magic regeneration
HPRegen 0.21/turn               z - ring of fire
MPRegen 0.50/turn               q - ring of willpower

@: no status effects
A: horns 2, retaliatory headbutt
a: Renounce Religion


You were in a bailey.
You worshipped Hepliaklqana.
Hepliaklqana was noncommittal.
You visited 2 branches of the dungeon, and saw 8 of its levels.
You also visited: Bailey.

You collected 230 gold pieces.

Inventory:

Hand Weapons
 a - a +1 war axe (weapon)
Armour
 c - a +0 buckler (worn)
 i - the +2 plate armour "Xuuh" (worn) {rC- rCorr Slay+2}
   (You found it on level 7 of the Dungeon)

   Slay:      It affects your accuracy & damage with ranged weapons and melee
   (+2).
   rC:        It makes you vulnerable to cold.
   rCorr:     It protects you from acid and corrosion.
Jewellery
 q - a ring of willpower (right hand)
 s - an amulet of magic regeneration (around neck)
 z - a ring of fire (left hand)
Scrolls
 v - a scroll of brand weapon
Potions
 b - a potion of curing {unknown}
 f - 3 potions of haste
 g - a potion of berserk rage {unknown}
 j - a potion of degeneration {unknown}
 k - a potion of cancellation {unknown}
 m - a potion of flight {unknown}
 n - 2 potions of brilliance {unknown}
 o - a potion of invisibility {unknown}
 p - a potion of mutation {unknown}
 r - a potion of magic {unknown}
 t - a potion of attraction {unknown}


   Skills:
 + Level 6.1 Fighting
 + Level 8.6 Axes
 + Level 7.0 Armour
 + Level 5.3 Shields
 * Level 4.3 Evocations


You had 7 spell levels left.
You didn't know any spells.
Your spell library contained the following spells:

 Spells                   Type           Power      Damage    Failure   Level
 Corpse Rot               Necr/Air       0%         N/A       100%        2
 Sublimation of Blood     Necr           0%         N/A       100%        2
 Wereblood                Tmut           0%         N/A       100%        2
 Dispel Undead            Necr           0%         3d6       100%        4
 Summon Lightning Spire   Summ/Air       0%         N/A       100%        4
 Death Channel            Necr           0%         N/A       100%        6
 Storm Form               Tmut/Air       0%         N/A       100%        7
 Summon Hydra             Summ           0%         N/A       100%        7
 Maxwell's Capacitive Co  Air            0%         ∞         100%        8


Dungeon Overview and Level Annotations

Branches:
Dungeon (7/15)             Temple (1/1) D:7          Bailey (1/1)

Altars:
Cheibriados
Hepliaklqana
Makhleb
Qazlal
Ru

Annotations:
D:3 2 transporters, Knyalator's ghost, amateur DsBe
D:5 1 runed translucent door, Psyclone's ghost, amateur DECj
D:6 1 runed translucent door, Jingleheimer's ghost, novice TeBe


Innate Abilities, Weirdness & Mutations

You have a pair of horns on your head.
You reflexively headbutt those who attack you in melee.


Message History

You slash the orc!
You kill the orc!
An orc warrior comes into view. It is wielding a +0 halberd.
Things that are here:
a +0 trident; a +0 scale mail; an orc corpse The orc warrior shouts!
The orc warrior hits you from afar with a +0 halberd!!
The orc warrior hits you with a +0 halberd.
There is a fountain of clear blue water here.
You hit the orc warrior but do no damage.
You block the orc warrior's attack.
You hit the orc warrior.
The orc warrior is lightly wounded.
The orc warrior hits you but does no damage.
You hit the orc warrior but do no damage.
The orc warrior is lightly wounded.
The orc warrior closely misses you.
You barely miss the orc warrior.
The orc warrior is lightly wounded.
The orc warrior hits you with a +0 halberd.
The orc warrior hits you with a +0 halberd!
You are too injured to fight recklessly!
You are too injured to fight recklessly!
You barely miss the orc warrior.
The orc warrior is lightly wounded.
The orc warrior hits you with a +0 halberd!
* * * LOW HITPOINT WARNING * * *
Okay, then.
Okay, then.
As you read the scroll labelled FOPLUN MOORIU, it crumbles to dust.
It is a scroll of enchant weapon.
Your +0 war axe glows red for a moment.
The orc warrior closely misses you.
The orc warrior hits you from afar with a +0 halberd.
* * * LOW HITPOINT WARNING * * *
As you read the scroll labelled FOR HEOTEY, it crumbles to dust.
You hear a loud clanging noise!
It was a scroll of noise.
You hear a shout! x14
The orc warrior hits you from afar with a +0 halberd!!
You die...

#########+++######
##.................
##..................
##.......⌠#######⌠...
#≈...)#####.c.o.#####
#≈..@##....≈≈≈≈≈....#
#≈...#.⌠.≈≈≈...≈≈≈.⌠.
#≈..o#..≈≈..≈.≈..≈≈..
#≈..⌠#.≈≈.≈≈≈.≈≈≈.≈≈.
#≈..##.≈.≈≈.....≈≈.≈.
#≈..#.≈≈.≈)≈≈≈≈≈.≈.≈≈
#≈..#.≈.≈≈)≈...≈.≈≈.≈
#≈..#.≈.≈.≈≈...≈≈.≈.≈
#≈..#.≈.≈.≈.⌠∩⌠.≈.≈.≈


You could see an orc warrior.

Vanquished Creatures
  A water moccasin (D:3)
  2 orc warriors (Bailey)
  2 ogres
  2 centaurs
  A phantom (D:4)
  A bullfrog (Temple)
  3 scorpions
  A bullfrog zombie (D:5)
  A jelly (D:4)
  3 bullfrog skeletons
  3 orc priests
  A gnoll shaman (D:5)
  5 iguanas
  Natasha (thrice) (D:4)
  A scorpion zombie (D:5)
  An orc wizard (D:4)
  A hound skeleton (D:4)
  8 gnolls
  A howler monkey skeleton (D:3)
  5 adders
  A white imp (D:6)
  2 worms (D:2)
  A dart slug (D:2)
  18 orcs
  8 bats
  10 endoplasms
  A giant cockroach (D:3)
  8 goblins
  8 hobgoblins
  2 jackals (D:1)
  9 kobolds
  3 quokkas
  3 ball pythons
  6 frilled lizards
  9 rats
135 creatures vanquished.

Notes
Turn   | Place    | Note
-------+----------+-------------------------------------------
     0 | D:1      | cbfl8 the Minotaur Fighter began the quest for the Orb.
     0 | D:1      | Reached XP level 1. HP: 19/19 MP: 0/0
    29 | D:1      | Found a faded altar of an unknown god.
   200 | D:1      | Reached XP level 2. HP: 23/27 MP: 1/1
   540 | D:1      | Reached XP level 3. HP: 33/33 MP: 2/2
   762 | D:2      | Reached skill level 3 in Axes
   905 | D:2      | Reached skill level 1 in Evocations
  1122 | D:2      | Reached XP level 4. HP: 30/40 MP: 3/3
  1792 | D:3      | Noticed a necrophage
  1818 | D:3      | Found a transporter.
  1821 | D:3      | Noticed Knyalator's ghost (amateur DsBe)
  1825 | D:3      | Found a transporter.
  1871 | D:3      | Reached skill level 4 in Axes
  1889 | D:2      | Reached XP level 5. HP: 17/47 MP: 4/4
  2653 | D:3      | Noticed a water moccasin
  2658 | D:3      | Killed a water moccasin
  2659 | D:3      | Reached XP level 6. HP: 43/53 MP: 5/5
  2840 | D:3      | Reached skill level 5 in Axes
  3478 | D:4      | Noticed Natasha
  3482 | D:4      | Killed Natasha
  3499 | D:4      | Reached skill level 5 in Armour
  3841 | D:4      | Reached skill level 5 in Fighting
  4230 | D:4      | Reached XP level 7. HP: 49/61 MP: 6/6
  4356 | D:4      | Reached skill level 6 in Axes
  4463 | D:4      | Noticed Natasha
  4470 | D:4      | Killed Natasha
  4485 | D:4      | Noticed Natasha
  4491 | D:4      | Killed Natasha
  5115 | D:5      | Entered Level 5 of the Dungeon
  5115 | D:5      | Found a runed translucent door.
  5122 | D:5      | Noticed Psyclone's ghost (amateur DECj)
  5293 | D:5      | Reached skill level 7 in Axes
  5862 | D:5      | Reached XP level 8. HP: 69/69 MP: 7/7
  5965 | D:6      | Found a stormy altar of Qazlal.
  6341 | D:6      | Found a runed translucent door.
  6356 | D:6      | Noticed Jingleheimer's ghost (novice TeBe)
  7077 | D:7      | Identified the +2 plate armour "Xuuh" {rC- rCorr Slay+2}
  7156 | D:7      | Reached skill level 8 in Axes
  7170 | D:7      | Found a staircase to the Ecumenical Temple.
  7192 | Temple   | Entered the Ecumenical Temple
  7196 | Temple   | Reached skill level 5 in Shields
  7206 | Temple   | Became a worshipper of Hepliaklqana the Forgotten
  7247 | D:7      | Found a flagged portal.
  7269 | Bailey   | Entered a bailey
  7602 | Bailey   | Slain by an orc warrior

Illustrated notes

Levels and vault maps discovered:
D:1:      mrwooster_arrival_statue, layout_rooms,
          hellmonk_ecumenical_altar_pennies_from_heaven
D:2:      layout_basic, minmay_box_of_dots
D:3:      minmay_chambers_of_twos, layout_basic, gammafunk_ghost_mausoleum,
          minmay_close_crescents
D:4:      layout_basic, uniq_natasha
D:5:      layout_rooms, ebering_ghost_sewer_d
D:6:      layout_cave_pods, nicolae_qazlal_scattered_showers,
          hellmonk_ghost_happy_afterlife, minmay_misc_feat_tower,
          nicolae_benzene_ring
D:7:      layout_basic, mainiacjoe_overflow_small_starburst,
          minmay_temple_entry_large_hall, enter_bailey_4
Temple:   regret_index_temple_sphere_string
Bailey:   bailey_polearm_flooded_kennysheep, bailey

Skill      XL: |  1  2  3  4  5  6  7  8 |
---------------+-------------------------+-----
Shields        | 4 5 |  5.3
Fighting       | 4 5 6 |  6.1
Armour         | 4 5 6 7 |  7.0
Axes           | 3 4 5 7 8 |  8.6
Evocations     | 1 2 3 4 |  4.3

Action                   |  1- 3 |  4- 6 |  7- 9 || total
-------------------------+-------+-------+-------++-------
Melee: War axe           |    76 |   120 |   141 ||   337
       Headbutt          |     8 |    20 |    20 ||    48
  Use: Scroll            |       |       |     9 ||     9
       Potion            |       |       |     4 ||     4
Armor: Scale mail        |    35 |    44 |     5 ||    84
       Chain mail        |       |       |    25 ||    25
       Plate armour      |       |       |    64 ||    64
Dodge: Dodged            |    36 |    43 |    64 ||   143
Block: Buckler           |    21 |    25 |    55 ||   101
